Map: Nightscape LE

Players

Massa

  • Race: Terran Terran
  • League: Platinum
  • Spawn Location: 1:00

qqq

  • Race: Zerg Zerg
  • Spawn Location: 1:00

llllllllllll - Winner!

  • Race: Protoss Protoss
  • League: Master
  • Spawn Location: 7:00

Moin - Winner!

  • Race: Terran Terran
  • Spawn Location: 7:00

VOD

Have the link to the VOD?

Description

Time

  • Played on: March 8, 2021, 3:33 p.m.
  • Length: 15:39
Show
View Real Time Build Order
Export as new Build Order

Massa Terran 

Build Orders: 2 Factory, Gas First Reaper Expand 

Get SALT Encoding   

  12  0:00  SCV  
  13  0:12  SCV  
  14  0:22  Supply Depot  
  14  0:24  SCV  
  15  0:32  Refinery  
  15  0:43  SCV  
  15  0:46  Barracks  
  16  0:56  SCV  
  17  1:08  SCV  
  18  1:20  SCV  
  19  1:41  Orbital Command  
  19  1:44  Supply Depot  
  19  1:53  Command Center  
  19  1:57  Reaper  
  20  2:06  SCV  
  21  2:25  SCV  
  22  2:30  Factory  
  22  2:32  Barracks Reactor  
  22  2:37  SCV  
  22  2:41  Refinery  
  23  2:49  SCV  
  24  2:54  Engineering Bay  
  24  3:04  Orbital Command  
  24  3:08  Factory  
  24  3:16  Factory Tech Lab  
  24  3:20  Refinery  
  24  3:21  Marine x2  
  24  3:23  SCV  
  27  3:28  Missile Turret  
  27  3:30  Supply Depot  
  27  3:33  SCV  
  28  3:35  SCV  
  28  3:39  Marine x2  
  31  3:43  Cyclone  
  31  3:45  SCV  
  31  3:47  SCV  
  36  3:51  Factory Tech Lab  
  36  3:57  SCV  
  36  3:59  SCV  
  38  4:07  Missile Turret  
  38  4:10  Cyclone  
  38  4:15  Cyclone  
  44  4:20  Mag-Field Accelerator  
  44  4:27  Missile Turret  
  44  4:30  SCV  
  44  4:31  SCV  
  46  4:42  SCV, Cyclone  
  46  4:43  Refinery, SCV  
  51  4:47  Cyclone  
  54  5:05  Supply Depot  
  54  5:07  Supply Depot  
  54  5:08  Supply Depot  
  54  5:18  Missile Turret  
  54  5:19  SCV  
  54  5:23  SCV  
  53  5:31  SCV  
  53  5:35  SCV  
  52  5:45  Cyclone x2  
  57  6:05  Marine x2  
  59  6:17  Cyclone  
  62  6:23  Marine x2  
  64  6:37  Cyclone  
  61  6:41  Marine x2  
  60  6:49  Cyclone  
  60  6:53  SCV x2  
  65  6:58  Command Center  
  65  7:01  Marine  
  65  7:02  Marine  
  65  7:05  SCV x2  
  69  7:10  Barracks  
  69  7:11  Barracks  
  69  7:17  SCV, Terran Infantry Weapons Level 1  
  69  7:20  Supply Depot  
  69  7:21  Supply Depot  
  70  7:24  Supply Depot  
  70  7:38  Cyclone  
  70  7:41  Marine x2  
  70  7:42  SCV x2, Cyclone  
  74  7:50  Supply Depot  
  68  7:59  Marine x2  
  68  8:00  Barracks  
  70  8:08  SCV x2  
  72  8:18  Siege Tank x2  
  78  8:20  SCV x2  
  80  8:32  SCV  
  81  8:42  SCV  
  81  8:44  SCV  
  83  8:52  Barracks Reactor, Barracks Tech Lab x2  
  83  8:53  Marine x2  
  83  8:54  SCV  
  86  8:56  SCV  
  87  9:06  SCV  
  87  9:09  SCV, Orbital Command  
  89  9:10  Marine  
  89  9:11  Marine  
  89  9:12  Command Center  
  89  9:13  Missile Turret  
  91  9:18  SCV  
  91  9:19  Engineering Bay  
  91  9:21  SCV, Terran Infantry Armor Level 1  
  91  9:22  Armory  
  93  9:28  Marine  
  93  9:30  SCV  
  86  9:42  Refinery  
  86  9:43  Marauder x2, Marine x3  
  86  9:45  Siege Tank x2  
  93  9:46  Marine  
  93  9:47  SCV x2  
  93  9:48  SCV  
  97  9:53  Refinery  
  97  9:59  SCV  
  99  10:00  SCV  
  99  10:04  Marauder x2  
  99  10:06  Starport  
  103  10:08  Starport  
  103  10:12  Supply Depot  
  103  10:13  Stimpack  
  103  10:15  Combat Shield  
  97  10:25  Marauder x2  
  97  10:27  Marine  
  93  10:33  Marine x3  
  91  10:35  Supply Depot  
  91  10:43  SCV x3  
  91  10:44  Supply Depot  
  91  10:45  Marine  
  91  10:47  Marauder x2  
  99  10:50  Marine  
  99  10:53  Barracks  
  99  10:55  SCV x3, Barracks  
  99  10:58  Barracks  
  98  11:08  Marauder x2  
  102  11:16  Command Center  
  102  11:18  SCV  
  102  11:19  SCV x2  
  105  11:27  Siege Tank x2  
  105  11:30  Marauder x2, Marine x2  
  105  11:31  SCV x2  
  119  11:36  Starport Tech Lab, Starport Reactor  
  119  11:51  Marauder x2  
  123  11:54  SCV x3  
  123  11:59  Siege Tank  
  123  12:00  Siege Tank  
  111  12:04  Marine  
  111  12:05  Marine x6  
  111  12:06  SCV x2  
  107  12:12  Marauder  
  107  12:13  Marauder  
  109  12:18  Medivac  
  109  12:22  Marine  
  105  12:23  Marine x3  
  105  12:25  Viking  
  111  12:32  Siege Tank x2  
  111  12:34  Marauder x2  
  111  12:37  Marine x2  
  121  12:38  Barracks Tech Lab  
  121  12:41  Planetary Fortress  
  123  12:44  Refinery  
  123  12:46  Refinery  
  123  12:47  Missile Turret  
  123  12:55  Marauder x2  
  119  13:12  Marauder, Marine  
  110  13:13  Barracks Tech Lab  
  110  13:14  Barracks Tech Lab  
  110  13:17  Marauder x2  
  110  13:34  Marauder  
  112  13:38  Marauder x2  
  116  13:55  Marauder  
  118  14:00  Marauder x4  
  125  14:03  Marine x2  
  125  14:04  Medivac x2  
  125  14:05  Medivac  
  127  14:16  Marauder  
  129  14:21  Marauder x3  
  129  14:22  Marauder  
  137  14:34  Viking x2  
  137  14:35  Viking  
  137  14:38  Marauder  
Show
View Real Time Build Order
Export as new Build Order

qqq Zerg 

Build Orders: Hatch First 

Get SALT Encoding   

  12  0:01  Drone  
  13  0:08  Drone  
  14  0:18  Overlord  
  14  0:50  Hatchery  
  13  1:00  Drone x3  
  16  1:18  Extractor, Spawning Pool  
  14  1:29  Drone x2  
  16  1:35  Drone  
  17  1:43  Extractor  
  17  1:53  Drone  
  18  1:57  Drone  
  19  2:03  Drone  
  19  2:05  Queen x2  
  24  2:12  Drone  
  25  2:33  Drone  
  25  2:34  Drone x2, Overlord  
  28  2:38  Overlord  
  28  2:39  Metabolic Boost  
  28  2:49  Overlord  
  28  2:52  Drone  
  28  2:53  Drone  
  28  2:56  Drone  
  31  3:00  Drone  
  32  3:06  Evolution Chamber  
  32  3:07  Drone  
  32  3:18  Drone, Zergling x10  
  38  3:20  Zergling x2  
  39  3:30  Zergling x4  
  39  3:32  Zerg Melee Weapons Level 1  
  41  3:34  Zergling x2  
  41  3:39  Drone  
  43  3:45  Drone x3  
  43  3:46  Drone  
  47  3:59  Hatchery, Zergling x2  
  47  4:00  Drone  
  47  4:01  Drone  
  49  4:07  Lair  
  49  4:11  Extractor, Drone  
  49  4:13  Overlord  
  49  4:16  Drone  
  50  4:20  Drone  
  50  4:21  Drone  
  51  4:39  Spore Crawler  
  51  4:40  Spore Crawler  
  51  4:41  Drone x2  
  51  4:42  Extractor x2  
  51  4:43  Drone  
  50  4:47  Drone x2  
  50  4:48  Zergling x6, Overlord  
  50  4:49  Zergling x4  
  57  5:04  Zergling x2  
  57  5:05  Zergling x2  
  59  5:20  Overseer  
  59  5:29  Drone x2, Zergling x6  
  59  5:30  Zergling x10  
  69  5:44  Zergling x10  
  71  5:52  Drone  
  71  5:58  Queen  
  71  6:09  Spore Crawler  
  61  6:22  Zergling x14  
  61  6:23  Drone x3  
  63  6:32  Zergling x6  
  58  6:38  Zergling x6  
  56  6:49  Drone  
  56  6:50  Drone  
  56  6:51  Drone  
  59  6:58  Spire  
  58  7:05  Spore Crawler  
  58  7:06  Drone x3  
  58  7:07  Drone x3  
  63  7:20  Drone  
  63  7:21  Drone x2  
  63  7:22  Hatchery  
  65  7:23  Drone  
  65  7:28  Spore Crawler  
  65  7:34  Zergling x2  
  63  7:41  Hatchery  
  52  7:44  Zergling x2  
  52  7:45  Zergling x16  
  61  7:53  Hatchery  
  61  7:57  Drone x2, Zergling x6  
  65  8:02  Zerg Ground Armor Level 1  
  65  8:07  Zergling x2, Evolution Chamber  
  65  8:08  Drone  
  66  8:17  Overlord x2  
  66  8:18  Overlord x3  
  66  8:20  Overseer  
  66  8:29  Infestation Pit  
  65  8:35  Drone x3  
  65  8:36  Zergling x6  
  65  8:38  Drone x4  
  75  8:42  Zerg Melee Weapons Level 2  
  75  8:45  Zergling x4  
  75  8:46  Drone  
  79  8:55  Drone  
  79  8:56  Drone, Zergling x8  
  79  8:57  Drone  
  79  8:59  Drone x3  
  79  9:02  Overlord  
  88  9:07  Hive  
  88  9:14  Zergling x2  
  89  9:17  Drone  
  89  9:18  Drone x4  
  89  9:19  Drone x2  
  89  9:20  Drone x3  
  80  9:41  Zergling x10  
  80  9:42  Zergling x8  
  80  9:43  Zergling x10  
  80  9:44  Zergling x2  
  95  9:46  Drone x2  
  95  9:47  Drone, Spine Crawler, Spore Crawler  
  95  9:48  Drone  
  95  9:51  Spine Crawler  
  96  10:03  Spine Crawler, Zergling x8  
  96  10:04  Spine Crawler, Zergling x4  
  96  10:05  Spine Crawler  
  98  10:17  Zergling x12  
  98  10:18  Zergling x2  
  88  10:26  Zerg Ground Armor Level 2  
  88  10:27  Ultralisk Cavern, Zergling x4  
  88  10:28  Drone x3, Zergling x6  
  89  10:29  Zergling x6  
  92  10:43  Greater Spire, Corruptor x3  
  92  10:49  Zergling x6  
  101  10:50  Zergling x8  
  104  11:01  Extractor  
  104  11:02  Extractor  
  97  11:13  Baneling Nest  
  97  11:15  Ultralisk  
  97  11:16  Anabolic Synthesis  
  102  11:18  Zerg Melee Weapons Level 3  
  102  11:19  Corruptor  
  102  11:21  Overlord x4  
  102  11:22  Overlord  
  104  11:36  Hatchery  
  98  11:55  Zergling x6, Ultralisk x2  
  98  11:56  Zergling x10  
  98  11:58  Chitinous Plating  
  98  12:00  Centrifical Hooks  
  118  12:03  Baneling x3  
  118  12:04  Baneling x2  
  103  12:12  Corruptor x2  
  96  12:20  Ultralisk  
  98  12:24  Corruptor  
  90  12:31  Spine Crawler  
  89  12:39  Drone x2  
  91  12:45  Spine Crawler x2  
  89  12:54  Ultralisk x2  
  101  13:00  Baneling x2  
  101  13:01  Baneling x7  
  99  13:07  Brood Lord  
  99  13:10  Brood Lord  
  86  13:14  Zergling x8  
  82  13:22  Ultralisk  
  86  13:31  Drone x2  
  86  13:32  Drone  
  81  13:53  Ultralisk x2  
  81  13:55  Zergling x8  
  89  14:09  Corruptor x2  
  93  14:19  Drone  
  94  14:25  Hatchery  
  94  14:27  Baneling x2  
  94  14:28  Baneling x6  
  63  14:54  Ultralisk x2  
  63  14:55  Zergling x2  
  63  14:56  Zergling x6  
Show
View Real Time Build Order
Export as new Build Order

llllllllllll Protoss - Winner!

Build Orders:  

Get SALT Encoding   

  12  0:00  Probe  
  13  0:12  Probe  
  14  0:18  Pylon  
  14  0:24  Probe  
  15  0:37  Probe  
  16  0:43  Gateway  
  16  0:49  Probe (Chrono Boost)  
  17  0:50  Assimilator  
  17  1:01  Probe (Chrono Boost)  
  17  1:02  Assimilator  
  18  1:10  Probe (Chrono Boost)  
  19  1:15  Probe  
  20  1:25  Pylon  
  20  1:29  Probe  
  21  1:34  Cybernetics Core  
  21  1:41  Probe  
  22  1:53  Probe  
  23  2:05  Probe  
  24  2:10  Nexus  
  24  2:15  Warp Gate  
  24  2:17  Probe, Stalker (Chrono Boost)  
  27  2:29  Probe  
  28  2:40  Stalker  
  28  2:41  Probe, Pylon  
  31  2:48  Pylon  
  31  2:59  Probe  
  31  3:00  Shield Battery  
  32  3:06  Robotics Facility  
  32  3:09  Shield Battery  
  32  3:11  Probe  
  33  3:23  Probe  
  34  3:29  Probe  
  35  3:35  Probe  
  35  3:39  Gateway  
  35  3:41  Gateway  
  36  3:43  Twilight Council  
  36  3:49  Probe x2  
  38  3:59  Observer (Chrono Boost)  
  38  4:01  Probe x2  
  38  4:02  Assimilator  
  41  4:05  Stalker  
  41  4:06  Assimilator  
  43  4:12  Observer (Chrono Boost)  
  43  4:13  Probe x2  
  46  4:25  Cybernetics Core  
  46  4:28  Probe x2  
  46  4:30  Blink (Chrono Boost)  
  48  4:31  Observer (Chrono Boost)  
  49  4:41  Probe x2  
  51  4:49  Stalker x3  
  51  4:51  Observer (Chrono Boost)  
  58  4:53  Probe x2  
  60  5:00  Observer  
  60  5:11  Gateway  
  60  5:13  Shield Battery  
  60  5:18  Sentry  
  62  5:27  Pylon x2  
  62  5:31  Pylon  
  62  5:32  Pylon  
  62  5:44  Immortal (Chrono Boost)  
  62  5:49  Sentry  
  68  5:52  Zealot  
  68  5:53  Zealot  
  72  6:08  Gateway  
  72  6:10  Gateway  
  72  6:11  Gateway  
  72  6:19  Zealot  
  72  6:20  Zealot  
  72  6:25  Immortal  
  61  6:47  Stalker  
  61  6:48  Stalker  
  65  7:04  Probe  
  66  7:11  Stalker x5  
  66  7:13  Nexus  
  76  7:16  Pylon  
  76  7:17  Robotics Bay  
  76  7:20  Pylon  
  76  7:22  Forge  
  76  7:23  Probe x2  
  76  7:25  Forge  
  78  7:35  Probe  
  78  7:36  Probe  
  80  7:43  Nexus  
  80  7:49  Zealot x5  
  90  7:52  Gateway  
  90  7:56  Protoss Ground Weapons Level 1 (Chrono Boost), Protoss Ground Armor Level 1 (Chrono Boost)  
  90  7:58  Charge  
  90  8:04  Probe x2  
  92  8:14  Colossus (Chrono Boost)  
  92  8:16  Probe x2  
  100  8:27  Photon Cannon  
  100  8:28  Probe x2  
  100  8:30  Zealot, Shield Battery  
  100  8:32  Observer  
  104  8:40  Probe x2  
  106  8:49  Templar Archives, Extended Thermal Lance  
  106  9:01  Observer (Chrono Boost)  
  107  9:02  Probe  
  107  9:05  Assimilator  
  107  9:09  Assimilator  
  107  9:12  Zealot x5  
  107  9:13  Observer (Chrono Boost), Zealot  
  120  9:18  Pylon x2  
  120  9:20  Pylon  
  118  9:42  Stalker x4  
  118  9:43  Immortal (Chrono Boost), Stalker x2  
  132  10:02  Protoss Ground Armor Level 2  
  132  10:04  Protoss Ground Weapons Level 2  
  132  10:12  Nexus  
  132  10:14  Pylon  
  102  10:35  Zealot x6  
  108  10:36  Colossus (Chrono Boost)  
  116  10:46  Probe x3  
  119  10:58  Probe x3  
  122  11:10  High Templar x3  
  122  11:11  High Templar x3  
  134  11:15  Archon x3, Pylon  
  134  11:17  Colossus (Chrono Boost)  
  134  11:18  Photon Cannon  
  134  11:21  Shield Battery  
  140  11:27  Gateway  
  140  11:28  Gateway  
  140  11:31  Gateway  
  140  11:32  Gateway  
  140  11:35  Gateway  
  140  11:36  Gateway  
  140  11:40  Dark Shrine  
  140  11:48  High Templar x2  
  140  11:49  High Templar x4  
  152  11:54  Archon x2  
  152  11:55  Photon Cannon, Archon  
  152  11:56  Shield Battery  
  136  12:29  Zealot x4  
  142  12:30  Zealot x6  
  142  12:31  Zealot x2  
  158  12:43  Protoss Ground Armor Level 3 (Chrono Boost), Protoss Ground Weapons Level 3 (Chrono Boost)  
  158  12:47  Robotics Facility  
  158  12:48  Assimilator  
  158  12:52  Assimilator  
  158  12:57  Shadow Stride  
  130  13:20  Stalker  
  130  13:21  Stalker x6  
  130  13:22  Stalker x5  
  154  13:33  Probe  
  155  13:45  Probe  
  148  13:57  Probe  
  149  14:09  Probe, Zealot x2  
  154  14:10  Zealot x5  
  154  14:11  Zealot x5  
  170  14:34  Pylon x2  
  170  14:37  Pylon  
  170  14:53  Dark Templar x3  
  170  14:54  Dark Templar x6  
  170  14:55  Dark Templar x3  
Show
View Real Time Build Order
Export as new Build Order

Moin Terran - Winner!

Build Orders: Banshee Rush 

Get SALT Encoding   

  12  0:00  SCV  
  13  0:12  SCV  
  14  0:25  SCV  
  14  0:28  Supply Depot  
  15  0:29  Refinery  
  15  0:49  SCV  
  16  0:53  Refinery  
  16  0:58  Barracks  
  16  1:01  SCV  
  17  1:14  SCV  
  18  1:29  SCV  
  19  1:41  SCV  
  20  2:02  Command Center  
  20  2:05  Factory  
  20  2:11  Orbital Command  
  20  2:16  Marine  
  21  2:34  Marine  
  22  2:38  SCV  
  23  2:52  Starport, Factory Tech Lab  
  23  2:57  Supply Depot  
  23  3:13  SCV, Marine  
  23  3:14  Supply Depot  
  23  3:18  Orbital Command  
  25  3:26  SCV  
  26  3:31  Marine  
  27  3:38  SCV  
  27  3:39  Banshee  
  27  3:41  Orbital Command  
  31  3:43  Cloaking Field  
  31  3:49  Marine  
  32  3:58  SCV  
  32  4:02  Supply Depot  
  33  4:05  Engineering Bay  
  33  4:07  SCV, Marine  
  35  4:11  SCV  
  36  4:22  Banshee  
  39  4:35  Marine  
  40  4:41  SCV x2, Barracks  
  40  4:42  Barracks  
  42  4:53  SCV, Marine  
  42  4:55  Terran Infantry Weapons Level 1  
  44  5:11  Marine  
  45  5:29  Marine  
  46  5:38  Marine  
  46  5:39  Marine  
  49  5:56  Marine x2  
  50  6:14  Marine x2  
  49  6:21  Starport Reactor  
  41  6:29  Barracks  
  41  6:32  Marine x2  
  42  6:33  Supply Depot  
  42  6:35  Barracks  
  42  6:37  Armory  
  42  6:42  Refinery  
  42  6:44  Refinery, SCV  
  42  6:45  SCV  
  44  6:50  Terran Infantry Armor Level 1, Marine x2  
  46  6:56  SCV, Supply Depot  
  46  6:57  SCV  
  46  6:59  Medivac x2  
  52  7:07  Marine  
  52  7:08  Marine  
  54  7:09  SCV x2  
  56  7:21  SCV x2  
  58  7:25  Marine x2  
  58  7:26  Engineering Bay  
  59  7:33  SCV x2  
  61  7:55  Missile Turret  
  57  8:01  Medivac x2  
  63  8:08  Barracks Tech Lab  
  63  8:11  Stimpack  
  63  8:16  Barracks Reactor  
  63  8:17  Missile Turret  
  63  8:18  Barracks Reactor  
  61  8:23  Missile Turret  
  61  8:26  Terran Ship Weapons Level 1  
  61  8:27  Terran Infantry Weapons Level 2  
  61  8:42  Missile Turret  
  61  8:44  Supply Depot  
  61  8:51  Marine x4  
  65  8:55  Missile Turret  
  65  9:03  Missile Turret  
  65  9:07  Command Center  
  65  9:08  Command Center, Supply Depot  
  65  9:09  Marine x4  
  69  9:11  Command Center  
  69  9:17  Missile Turret  
  69  9:20  SCV x2  
  69  9:24  Medivac x2, Missile Turret  
  73  9:26  Marine  
  73  9:27  Marine x3  
  70  9:31  Supply Depot  
  70  9:32  SCV x2  
  69  9:40  Missile Turret  
  69  9:44  SCV, Marine  
  69  9:45  SCV, Marine x3  
  75  9:46  Missile Turret  
  75  9:51  Concussive Shells  
  75  9:54  Medivac x2  
  75  9:56  SCV  
  75  9:57  SCV  
  75  9:59  Terran Infantry Armor Level 2  
  81  10:02  Marine x2  
  81  10:04  Supply Depot  
  81  10:05  Supply Depot  
  81  10:06  Supply Depot  
  83  10:08  SCV  
  83  10:09  SCV  
  85  10:20  SCV  
  85  10:21  SCV  
  87  10:24  Medivac x2  
  87  10:26  Marine x2  
  87  10:27  Marine x4  
  96  10:44  Marine x3  
  96  10:49  Marauder x2  
  103  10:51  Combat Shield  
  103  10:55  Terran Ship Weapons Level 2  
  103  11:01  Refinery  
  103  11:06  Planetary Fortress  
  103  11:10  Marauder  
  103  11:11  Marauder  
  107  11:13  Refinery  
  107  11:16  Missile Turret  
  107  11:31  Marauder  
  109  11:36  Missile Turret  
  102  11:57  Missile Turret  
  102  12:02  Command Center  
  102  12:04  Refinery  
  102  12:07  Marauder x2  
  106  12:20  Barracks, Missile Turret  
  106  12:22  Barracks  
  106  12:28  Marauder  
  106  12:29  Marauder  
  110  12:30  Refinery  
  110  12:31  Terran Infantry Weapons Level 3  
  110  12:33  Terran Infantry Armor Level 3  
  110  12:41  Missile Turret  
  110  12:50  Marauder x2  
  114  12:52  Orbital Command  
  114  12:53  Orbital Command  
  114  12:55  Marine x2  
  114  12:56  Marine x2  
  114  12:58  Missile Turret  
  118  13:11  Marauder x2  
  122  13:13  Marine x2  
  124  13:20  Missile Turret  
  124  13:22  Missile Turret  
  124  13:27  Planetary Fortress  
  124  13:32  Marauder  
  124  13:33  Marauder  
  128  13:42  Missile Turret  
  128  13:48  Barracks x2  
  128  13:54  Marauder x2  
  132  14:14  Barracks Reactor, Barracks Tech Lab  
  132  14:15  Marauder  
  132  14:16  Marauder  
  136  14:21  Command Center, Viking x2  
  140  14:29  Refinery  
  140  14:34  Missile Turret x2  
  140  14:35  Refinery  
  140  14:39  Supply Depot  
  140  14:40  Supply Depot  
  130  14:51  Viking x2  
  120  14:55  Missile Turret  
  120  14:56  Marauder, Missile Turret  
  120  14:57  Marauder x2, Marine  
  120  14:58  Missile Turret  
  127  15:03  Supply Depot x2  
  127  15:18  Marauder  
  127  15:21  Starport  
  133  15:24  Starport  
Tags
 
Add a new tag
Caveats
  • Supply blocks, unpowered buildings, or Contaminate may cause inaccurate times.
  • Supply counts are checked every 10 seconds.